Oilers vs Predators

Created - December-20-12 at 17:36

Goals
1 2 3 T
Oilers 1 0 2 3
Predators 3 0 2 5
Shots
1 2 3 T
Oilers 7 3 10 20
Predators 13 6 15 34

1st period

1. Predators , Mikhail Grabovski 5 (Shea Weber) at 0:08
2. Oilers , Scott Hannan 3 (Jakub Voracek, Ruslan Fedotenko) at 3:47 (PP)
3. Predators , Nicklas Backstrom 9 (Shea Weber, Steven Stamkos) at 8:16 (PP)
4. Predators , Steven Stamkos 19 (Wayne Simmonds, Zbynek Michalek) at 17:06

Penalties :
Raffi Torres (NSH) for Holding (Minor) at 1:58, Jeff Schultz (EDM) for Roughing (Minor) at 6:48, Marian Gaborik (NSH) for Boarding (Minor) at 9:47, Rostislav Klesla (NSH) for Holding (Minor) at 13:09, Dany Heatley (EDM) for Tripping (Minor) at 13:09, Max Pacioretty (NSH) for Slashing (Minor) at 17:32

2nd period

No Goal

Penalties :
Paul Gaustad (NSH) for Roughing (Minor) at 8:33, Ruslan Fedotenko (EDM) for Roughing (Minor) at 13:15

3rd period

5. Oilers , Jason Pominville 24 (Jan Hejda, Chris Phillips) at 3:49
6. Predators , Wayne Simmonds 7 (Nicklas Backstrom, Zbynek Michalek) at 12:26
7. Oilers , Sean ODonnell 2 (Jason Pominville, Erik Gustafsson) at 17:17
8. Predators , Zbynek Michalek 3 (Steven Stamkos, Nicklas Backstrom) at 19:46 (Empty Net)

Penalties :
Rostislav Klesla (NSH) for Fighting (Major) at 2:43, Scott Hannan (EDM) for Fighting (Major) at 2:43, Sean ODonnell (EDM) for Slashing (Minor) at 8:13

Goalie Stats

Kari Lehtonen (EDM), 29 saves from 33 shots - (0.879), L, 24-11-2, 59:17 minutes
Pekka Rinne (NSH), 17 saves from 20 shots - (0.850), W, 25-7-3, 60:00 minutes

Players Stats for Oilers

Player Name              G  A  P  +/- PIM S  H  SB GA TA FO     MP     PP MP  PK MP  
------------------------------------------------------------------------------------
Adam Burish              0  0  0  -1  0   1  1  1  0  0  3/6     7:18   0:45   3:00 
Chris Phillips           0  1  1   0  0   0  3  2  0  0  0/0    21:40   3:39   0:00 
Dany Heatley             0  0  0   1  2   1  0  0  0  0  0/0    22:09   3:46   0:00 
Derek Roy                0  0  0   1  0   3  1  0  0  0  14/32  23:44   3:46   3:07 
Dustin Jeffrey           0  0  0   0  0   0  1  1  0  0  8/14   13:11   0:45   0:48 
Erik Gustafsson          0  1  1  -1  0   0  1  2  0  0  0/0    16:34   0:00   3:11 
Jakub Voracek            0  1  1  -3  0   3  2  0  0  0  2/3    18:48   3:15   0:00 
Jan Hejda                0  1  1  -1  0   1  1  0  0  0  0/0    24:57   3:39   3:30 
Jason Pominville         1  1  2   1  0   3  2  1  0  0  1/3    22:10   3:46   0:00 
Jed Ortmeyer             0  0  0   0  0   0  0  0  0  0  0/0     0:00   0:00   0:00 
Jeff Schultz             0  0  0  -1  2   0  2  0  0  0  0/0    18:18   0:00   2:02 
Jochen Hecht             0  0  0  -2  0   3  1  0  0  0  6/20   18:19   3:15   0:18 
Nate Guenin              0  0  0   0  0   0  0  0  0  0  0/0     5:43   4:07   0:37 
Radek Dvorak             0  0  0   0  0   2  1  0  0  0  0/1    13:36   0:00   1:31 
Ruslan Fedotenko         0  1  1  -2  2   1  1  1  0  0  1/2    20:54   3:15   2:08 
Scott Hannan             1  0  1  -1  5   1  0  3  0  0  0/0    17:32   3:27   0:00 
Sean ODonnell            1  0  1   0  2   1  1  1  0  0  0/0    15:13   0:40   1:32 
Tomas Holmstrom          0  0  0  -1  0   0  1  0  0  0  0/0    12:24   0:45   0:00 

Players Stats for Predators

Player Name              G  A  P  +/- PIM S  H  SB GA TA FO     MP     PP MP  PK MP  
------------------------------------------------------------------------------------
Braydon Coburn           0  0  0   0  0   1  1  0  0  0  0/0    22:39   2:25   3:52 
Deryk Engelland          0  0  0   1  0   0  3  0  0  0  0/0     8:08   0:00   3:54 
Jeff Carter              0  0  0   0  0   1  1  0  0  0  6/14   14:48   2:41   4:31 
Jeff Petry               0  0  0  -1  0   3  1  0  0  0  0/0    18:14   3:01   0:00 
Marian Gaborik           0  0  0   0  2   4  2  0  0  0  1/4    21:53   2:33   0:00 
Max Pacioretty           0  0  0   1  2   3  3  0  0  0  0/0    16:18   2:53   0:41 
Mikhail Grabovski        1  0  1   1  0   1  2  0  0  0  12/19  15:31   2:53   1:02 
Nicklas Backstrom        1  2  3   2  0   4  0  1  0  0  12/17  17:34   2:33   0:00 
Patric Hornqvist         0  0  0  -1  0   0  1  0  0  0  0/1    10:10   0:00   3:15 
Paul Gaustad             0  0  0   0  2   1  3  0  0  0  10/18  14:19   0:00   2:13 
Raffi Torres             0  0  0   0  2   1  3  0  0  0  0/0    12:06   0:00   0:00 
Roman Polak              0  0  0   2  0   0  1  0  0  0  0/0    15:17   0:00   3:52 
Rostislav Klesla         0  0  0   0  7   2  0  1  0  0  0/0    14:35   2:25   0:00 
Shea Weber               0  2  2  -1  0   1  1  0  0  0  0/0    21:35   3:01   0:00 
Steven Stamkos           1  2  3   2  0   6  2  0  0  0  3/4    17:53   2:33   0:00 
T.J. Galiardi            0  0  0   0  0   1  0  0  0  0  1/3    16:09   0:12   3:50 
Wayne Simmonds           1  1  2   1  0   4  2  0  0  0  1/1    13:30   0:00   0:00 
Zbynek Michalek          1  2  3   3  0   1  1  2  0  0  0/0    19:30   0:00   3:54 

3 Stars

1 - Zbynek Michalek (NSH)
2 - Steven Stamkos (NSH)
3 - Nicklas Backstrom (NSH)

Power Play

Oilers - 1 on 4 Attempt(s) - 25.00%
Predators - 1 on 3 Attempt(s) - 33.33%

Penalty Kill

Oilers - 2 on 3 Attempt(s) - 66.67% - Score 0 goal in Penalty Kill
Predators - 3 on 4 Attempt(s) - 75.00% - Score 0 goal in Penalty Kill

Official

Referees : Wes McCauley and Paul Devorski
Linesman : Don Henderson and Vaughan Rody

Game Notes

Rostislav Klesla beats up Scott Hannan at 2:43 of 3rd period
Zbynek Michalek has scored in a empty net!

Finance

Level 1 -- Attendance: 6033 (92.82%) -- Ticket Income $603,300
Level 2 -- Attendance: 5000 (100.00%) -- Ticket Income $375,000
Level 3 -- Attendance: 3124 (89.26%) -- Ticket Income $171,820
Level 4 -- Attendance: 1113 (100.00%) -- Ticket Income $44,520
Luxury Box -- Attendance: 1000 (100.00%) -- Ticket Income $170,000
Game was played at the Bridgestone Arena
Total Attendance: 16270 (95.07%)
Total Ticket Income: $1,364,640
Other Income: $204,696
Total Income: $1,569,336


% Time on Ice - Oilers

Lines # - Real PCT - Wanted PCT - Time Play
Normal Forward
1 - 38% - 40% - 16:51
2 - 34% - 35% - 14:46
3 - 25% - 19% - 10:52
4 - 4% - 6% - 1:33
Normal Defense
1 - 39% - 40% - 17:01
2 - 35% - 30% - 15:17
3 - 27% - 25% - 11:44
4 - 0% - 5% - 0:00
PP Forward
1 - 58% - 50% - 4:31
2 - 42% - 50% - 3:15
PP Defense
1 - 47% - 55% - 3:39
2 - 53% - 45% - 4:07
PK Forward
1 - 72% - 55% - 3:55
2 - 28% - 45% - 1:31
PK Defense
1 - 44% - 55% - 2:25
2 - 56% - 45% - 3:01
PK3 Forward
1 - 0% - 55%
2 - 0% - 45%
PK3 Defense
1 - 0% - 60%
2 - 0% - 40%
44 Forward
1 - 61% - 60% - 1:13
2 - 39% - 40% - 0:46
44 Defense
1 - 50% - 65% - 1:00
2 - 50% - 35% - 0:59
Last Minute Offensive  - 0:47
Last Minute Defensive  - 0:00
Total
Forward - 60:00
Defense - 60:00

% Time on Ice - Predators

Lines # - Real PCT - Wanted PCT - Time Play
Normal Forward
1 - 26% - 35% - 11:36
2 - 31% - 32% - 13:30
3 - 16% - 26% - 6:55
4 - 27% - 7% - 12:07
Normal Defense
1 - 34% - 37% - 15:06
2 - 33% - 34% - 14:33
3 - 23% - 20% - 10:15
4 - 10% - 9% - 4:14
PP Forward
1 - 47% - 54% - 2:33
2 - 53% - 46% - 2:53
PP Defense
1 - 56% - 57% - 3:01
2 - 44% - 43% - 2:25
PK Forward
1 - 58% - 54% - 4:31
2 - 42% - 46% - 3:15
PK Defense
1 - 50% - 51% - 3:52
2 - 50% - 49% - 3:54
PK3 Forward
1 - 0% - 52%
2 - 0% - 48%
PK3 Defense
1 - 0% - 52%
2 - 0% - 48%
44 Forward
1 - 58% - 56% - 1:09
2 - 42% - 44% - 0:50
44 Defense
1 - 46% - 53% - 0:55
2 - 54% - 47% - 1:04
Last Minute Offensive  - 0:00
Last Minute Defensive  - 0:41
Total
Forward - 60:00
Defense - 60:00

Play by Play

1st period


0:01 of 1st period - Mikhail Grabovski wins face-off versus Derek Roy in neutral zone.
0:08 of 1st period - Shot by Mikhail Grabovski.
0:08 of 1st period - Goal by Mikhail Grabovski - Oilers : 0 - Predators : 1.
0:09 of 1st period - Ruslan Fedotenko wins face-off versus Nicklas Backstrom in neutral zone.
0:17 of 1st period - Steven Stamkos is hit by Jakub Voracek and loses puck.
0:35 of 1st period - Shot by Steven Stamkos.
0:35 of 1st period - Stopped by Kari Lehtonen without a rebound.
0:36 of 1st period - Dustin Jeffrey wins face-off versus Marian Gaborik in Oilers zone.
0:45 of 1st period - Shot by Sean ODonnell.
0:45 of 1st period - Shot Misses the Net.
1:03 of 1st period - Shot by Marian Gaborik.
1:03 of 1st period - Stopped by Kari Lehtonen without a rebound.
1:04 of 1st period - Paul Gaustad wins face-off versus Derek Roy in Oilers zone.
1:20 of 1st period - Jason Pominville is hit by Shea Weber and loses puck.
1:58 of 1st period - Minor Penalty to Raffi Torres for Holding.
1:59 of 1st period - Jochen Hecht wins face-off versus Jeff Carter in Predators zone.
2:21 of 1st period - Shot by Scott Hannan.
2:21 of 1st period - Shot Misses the Net.
2:37 of 1st period - Shot by Scott Hannan.
2:37 of 1st period - Shot Misses the Net.
2:39 of 1st period - Shot by Ruslan Fedotenko.
2:39 of 1st period - Stopped by Pekka Rinne without a rebound.
2:40 of 1st period - Paul Gaustad wins face-off versus Derek Roy in Predators zone.
3:07 of 1st period - Icing by Derek Roy.
3:08 of 1st period - Derek Roy wins face-off versus Jeff Carter in Oilers zone.
3:26 of 1st period - Dany Heatley is hit by Braydon Coburn and loses puck.
3:47 of 1st period - Shot by Scott Hannan.
3:47 of 1st period - Goal by Scott Hannan - Oilers : 1 - Predators : 1.
3:48 of 1st period - Mikhail Grabovski wins face-off versus Dustin Jeffrey in neutral zone.
3:58 of 1st period - Shot by Marian Gaborik.
3:58 of 1st period - Shot Blocked by Erik Gustafsson.
4:00 of 1st period - Shot by Jeff Petry.
4:00 of 1st period - Stopped by Kari Lehtonen without a rebound.
4:01 of 1st period - Jochen Hecht wins face-off versus Nicklas Backstrom in Oilers zone.
4:01 of 1st period - Jochen Hecht is hit by Steven Stamkos.
4:04 of 1st period - Jakub Voracek is hit by Wayne Simmonds and loses puck.
4:08 of 1st period - Jeff Schultz is hit by Wayne Simmonds and loses puck.
4:18 of 1st period - Jochen Hecht is hit by Steven Stamkos and loses puck.
5:02 of 1st period - Shot by Mikhail Grabovski.
5:02 of 1st period - Deflect By Marian Gaborik.
5:02 of 1st period - Shot Blocked by Ruslan Fedotenko.
5:04 of 1st period - Shot by Marian Gaborik.
5:04 of 1st period - Shot Blocked by Scott Hannan.
5:06 of 1st period - Shot by Rostislav Klesla.
5:06 of 1st period - Shot Hit the Post.
5:08 of 1st period - Shot by Marian Gaborik.
5:08 of 1st period - Stopped by Kari Lehtonen without a rebound.
5:09 of 1st period - Paul Gaustad wins face-off versus Jason Pominville in Oilers zone.
5:15 of 1st period - Icing by Chris Phillips.
5:16 of 1st period - Jason Pominville wins face-off versus Marian Gaborik in Oilers zone.
6:05 of 1st period - Icing by Max Pacioretty.
6:06 of 1st period - Mikhail Grabovski wins face-off versus Dustin Jeffrey in Predators zone.
6:31 of 1st period - Shot by Steven Stamkos.
6:31 of 1st period - Stopped by Kari Lehtonen without a rebound.
6:32 of 1st period - Jakub Voracek wins face-off versus Paul Gaustad in Oilers zone.
6:32 of 1st period - Jakub Voracek is hit by Raffi Torres.
6:47 of 1st period - Paul Gaustad is hit by Jeff Schultz and loses puck.
6:48 of 1st period - Minor Penalty to Jeff Schultz for Roughing.
6:49 of 1st period - Nicklas Backstrom wins face-off versus Derek Roy in Oilers zone.
7:04 of 1st period - Shot by Jeff Petry.
7:04 of 1st period - Stopped by Kari Lehtonen without a rebound.
7:05 of 1st period - Mikhail Grabovski wins face-off versus Derek Roy in Oilers zone.
7:10 of 1st period - Shot by Rostislav Klesla.
7:10 of 1st period - Stopped by Kari Lehtonen without a rebound.
7:11 of 1st period - Derek Roy wins face-off versus Mikhail Grabovski in Oilers zone.
7:11 of 1st period - Derek Roy is hit by Mikhail Grabovski.
7:37 of 1st period - Shot by Braydon Coburn.
7:37 of 1st period - Stopped by Kari Lehtonen without a rebound.
7:38 of 1st period - Nicklas Backstrom wins face-off versus Derek Roy in Oilers zone.
7:52 of 1st period - Icing by Marian Gaborik.
7:53 of 1st period - Steven Stamkos wins face-off versus Derek Roy in Predators zone.
8:00 of 1st period - Shot by Nicklas Backstrom.
8:00 of 1st period - Shot Misses the Net.
8:14 of 1st period - Shot by Shea Weber.
8:14 of 1st period - Shot Blocked by Sean ODonnell.
8:16 of 1st period - Shot by Nicklas Backstrom.
8:16 of 1st period - Goal by Nicklas Backstrom - Oilers : 1 - Predators : 2.
8:17 of 1st period - Adam Burish wins face-off versus Paul Gaustad in neutral zone.
8:17 of 1st period - Jason Pominville is hit by Raffi Torres and loses puck.
8:21 of 1st period - Jeff Schultz is hit by Deryk Engelland and loses puck.
8:29 of 1st period - Jason Pominville is hit by Deryk Engelland and loses puck.
8:51 of 1st period - Dany Heatley is hit by Paul Gaustad and loses puck.
8:55 of 1st period - Jeff Schultz is hit by Zbynek Michalek and loses puck.
8:58 of 1st period - Shot by Dany Heatley.
8:58 of 1st period - Shot Blocked by Zbynek Michalek.
9:01 of 1st period - Jason Pominville is hit by Deryk Engelland and loses puck.
9:09 of 1st period - Icing by Deryk Engelland.
9:10 of 1st period - Paul Gaustad wins face-off versus Jochen Hecht in Predators zone.
9:20 of 1st period - Icing by Jan Hejda.
9:21 of 1st period - Jeff Carter wins face-off versus Jochen Hecht in Oilers zone.
9:22 of 1st period - Shot by Patric Hornqvist.
9:22 of 1st period - Shot Misses the Net.
9:47 of 1st period - Minor Penalty to Marian Gaborik for Boarding.
9:48 of 1st period - Jeff Carter wins face-off versus Derek Roy in Predators zone.
9:58 of 1st period - Icing by Jason Pominville.
9:59 of 1st period - Derek Roy wins face-off versus Paul Gaustad in Oilers zone.
10:58 of 1st period - Shot by Jan Hejda.
10:58 of 1st period - Shot Misses the Net.
11:00 of 1st period - Shot by Chris Phillips.
11:00 of 1st period - Shot Misses the Net.
11:02 of 1st period - Shot by Jan Hejda.
11:02 of 1st period - Stopped by Pekka Rinne with a rebound.
11:04 of 1st period - Shot by Chris Phillips.
11:04 of 1st period - Shot Misses the Net.
11:06 of 1st period - Shot by Jochen Hecht.
11:06 of 1st period - Stopped by Pekka Rinne without a rebound.
11:07 of 1st period - Paul Gaustad wins face-off versus Jochen Hecht in Predators zone.
11:07 of 1st period - Paul Gaustad is hit by Jochen Hecht.
11:55 of 1st period - Shot by Max Pacioretty.
11:55 of 1st period - Stopped by Kari Lehtonen without a rebound.
11:56 of 1st period - Mikhail Grabovski wins face-off versus Derek Roy in Oilers zone.
12:11 of 1st period - Shot by Derek Roy.
12:11 of 1st period - Shot Blocked by Rostislav Klesla.
12:19 of 1st period - Shot by Jason Pominville.
12:19 of 1st period - Stopped by Pekka Rinne without a rebound.
12:20 of 1st period - Dustin Jeffrey wins face-off versus Nicklas Backstrom in Predators zone.
12:45 of 1st period - Shot by Dustin Jeffrey.
12:45 of 1st period - Shot Misses the Net.
12:54 of 1st period - Off-side.
12:55 of 1st period - Derek Roy wins face-off versus Jeff Carter in neutral zone.
13:09 of 1st period - Minor Penalty to Rostislav Klesla for Holding.
13:09 of 1st period - Minor Penalty to Dany Heatley for Tripping.
13:10 of 1st period - Adam Burish wins face-off versus Steven Stamkos in Predators zone.
13:23 of 1st period - Shot by Adam Burish.
13:23 of 1st period - Stopped by Pekka Rinne without a rebound.
13:24 of 1st period - Steven Stamkos wins face-off versus Adam Burish in Predators zone.
15:18 of 1st period - Shot by Derek Roy.
15:18 of 1st period - Stopped by Pekka Rinne without a rebound.
15:19 of 1st period - Derek Roy wins face-off versus Paul Gaustad in Predators zone.
15:43 of 1st period - Braydon Coburn is hit by Chris Phillips and loses puck.
16:24 of 1st period - Shot by Marian Gaborik.
16:24 of 1st period - Stopped by Kari Lehtonen without a rebound.
16:25 of 1st period - Nicklas Backstrom wins face-off versus Jochen Hecht in Oilers zone.
16:38 of 1st period - Shot by Steven Stamkos.
16:38 of 1st period - Shot Misses the Net.
17:04 of 1st period - Shot by Wayne Simmonds.
17:04 of 1st period - Shot Misses the Net.
17:06 of 1st period - Shot by Steven Stamkos.
17:06 of 1st period - Goal by Steven Stamkos - Oilers : 1 - Predators : 3.
17:07 of 1st period - Mikhail Grabovski wins face-off versus Dustin Jeffrey in neutral zone.
17:22 of 1st period - Erik Gustafsson is hit by Jeff Petry and loses puck.
17:32 of 1st period - Minor Penalty to Max Pacioretty for Slashing.
17:33 of 1st period - Jeff Carter wins face-off versus Jason Pominville in Predators zone.
18:19 of 1st period - Jason Pominville is hit by Roman Polak and loses puck.
19:18 of 1st period - Icing by Chris Phillips.
19:19 of 1st period - Paul Gaustad wins face-off versus Derek Roy in Oilers zone.
19:40 of 1st period - Jeff Petry is hit by Dustin Jeffrey and loses puck.
19:51 of 1st period - Sean ODonnell is hit by Max Pacioretty and loses puck.

2nd period


0:01 of 2nd period - Derek Roy wins face-off versus Mikhail Grabovski in neutral zone.
0:17 of 2nd period - Shot by Braydon Coburn.
0:17 of 2nd period - Shot Misses the Net.
0:22 of 2nd period - Dany Heatley is hit by Marian Gaborik and loses puck.
0:28 of 2nd period - Icing by Braydon Coburn.
0:29 of 2nd period - Jochen Hecht wins face-off versus Mikhail Grabovski in Predators zone.
0:58 of 2nd period - Shot by Ruslan Fedotenko.
0:58 of 2nd period - Deflect By Jochen Hecht.
0:58 of 2nd period - Stopped by Pekka Rinne without a rebound.
0:59 of 2nd period - Steven Stamkos wins face-off versus Derek Roy in Predators zone.
1:11 of 2nd period - Nicklas Backstrom is hit by Jan Hejda and loses puck.
1:15 of 2nd period - Steven Stamkos is hit by Chris Phillips and loses puck.
1:32 of 2nd period - Shot by Nicklas Backstrom.
1:32 of 2nd period - Shot Blocked by Chris Phillips.
1:34 of 2nd period - Shot by Rostislav Klesla.
1:34 of 2nd period - Deflect By Wayne Simmonds.
1:34 of 2nd period - Shot Misses the Net.
1:36 of 2nd period - Shot by Wayne Simmonds.
1:36 of 2nd period - Shot Misses the Net.
2:27 of 2nd period - Roman Polak is hit by Derek Roy and loses puck.
2:47 of 2nd period - Icing by Roman Polak.
2:48 of 2nd period - Jochen Hecht wins face-off versus T.J. Galiardi in Predators zone.
4:15 of 2nd period - Shot by Wayne Simmonds.
4:15 of 2nd period - Stopped by Kari Lehtonen with a rebound.
5:24 of 2nd period - Deryk Engelland is hit by Jason Pominville and loses puck.
6:00 of 2nd period - Shot by Shea Weber.
6:00 of 2nd period - Shot Hit the Post.
6:02 of 2nd period - Shot by Paul Gaustad.
6:02 of 2nd period - Shot Misses the Net.
6:24 of 2nd period - Shot by Jochen Hecht.
6:24 of 2nd period - Deflect By Jakub Voracek.
6:24 of 2nd period - Shot Misses the Net.
6:27 of 2nd period - Icing by Braydon Coburn.
6:28 of 2nd period - Paul Gaustad wins face-off versus Jochen Hecht in Predators zone.
6:51 of 2nd period - Jeff Petry is hit by Jakub Voracek and loses puck.
7:06 of 2nd period - Shot by Steven Stamkos.
7:06 of 2nd period - Stopped by Kari Lehtonen with a rebound.
7:48 of 2nd period - Shot by Jeff Carter.
7:48 of 2nd period - Stopped by Kari Lehtonen without a rebound.
7:49 of 2nd period - Mikhail Grabovski wins face-off versus Derek Roy in Oilers zone.
8:33 of 2nd period - Minor Penalty to Paul Gaustad for Roughing.
8:34 of 2nd period - Derek Roy wins face-off versus Jeff Carter in Predators zone.
10:26 of 2nd period - Icing by Adam Burish.
10:27 of 2nd period - Jeff Carter wins face-off versus Adam Burish in Oilers zone.
10:30 of 2nd period - Shot by Jeff Carter.
10:30 of 2nd period - Shot Blocked by Dustin Jeffrey.
11:57 of 2nd period - Icing by Chris Phillips.
11:58 of 2nd period - Dustin Jeffrey wins face-off versus Jeff Carter in Oilers zone.
11:58 of 2nd period - Dustin Jeffrey is hit by Jeff Carter.
13:14 of 2nd period - Roman Polak is hit by Ruslan Fedotenko and loses puck.
13:15 of 2nd period - Minor Penalty to Ruslan Fedotenko for Roughing.
13:16 of 2nd period - Adam Burish wins face-off versus Mikhail Grabovski in Oilers zone.
13:27 of 2nd period - Shot by Shea Weber.
13:27 of 2nd period - Stopped by Kari Lehtonen without a rebound.
13:28 of 2nd period - Mikhail Grabovski wins face-off versus Derek Roy in Oilers zone.
13:40 of 2nd period - Icing by Braydon Coburn.
13:41 of 2nd period - Mikhail Grabovski wins face-off versus Derek Roy in Predators zone.
15:52 of 2nd period - Zbynek Michalek is hit by Erik Gustafsson and loses puck.
16:30 of 2nd period - Nicklas Backstrom is hit by Jason Pominville and loses puck.
16:37 of 2nd period - Shot by Dany Heatley.
16:37 of 2nd period - Shot Misses the Net.
16:39 of 2nd period - Shot by Dany Heatley.
16:39 of 2nd period - Stopped by Pekka Rinne with a rebound.
16:41 of 2nd period - Shot by Derek Roy.
16:41 of 2nd period - Stopped by Pekka Rinne without a rebound.
16:42 of 2nd period - Mikhail Grabovski wins face-off versus Dustin Jeffrey in Predators zone.
16:57 of 2nd period - Shot by Max Pacioretty.
16:57 of 2nd period - Stopped by Kari Lehtonen without a rebound.
16:58 of 2nd period - Jeff Carter wins face-off versus Derek Roy in Oilers zone.
17:13 of 2nd period - Off-side.
17:14 of 2nd period - Nicklas Backstrom wins face-off versus Dustin Jeffrey in neutral zone.
17:18 of 2nd period - Icing by Jeff Schultz.
17:19 of 2nd period - Dustin Jeffrey wins face-off versus Mikhail Grabovski in Oilers zone.
17:19 of 2nd period - Dustin Jeffrey is hit by Mikhail Grabovski.
18:37 of 2nd period - Shot by Nicklas Backstrom.
18:37 of 2nd period - Stopped by Kari Lehtonen without a rebound.
18:38 of 2nd period - Paul Gaustad wins face-off versus Ruslan Fedotenko in Oilers zone.
19:30 of 2nd period - Zbynek Michalek is hit by Chris Phillips and loses puck.

3rd period


0:01 of 3rd period - Mikhail Grabovski wins face-off versus Derek Roy in neutral zone.
0:42 of 3rd period - Shot by Marian Gaborik.
0:42 of 3rd period - Shot Misses the Net.
0:44 of 3rd period - Shot by Marian Gaborik.
0:44 of 3rd period - Shot Misses the Net.
0:46 of 3rd period - Shot by Marian Gaborik.
0:46 of 3rd period - Stopped by Kari Lehtonen without a rebound.
0:47 of 3rd period - Nicklas Backstrom wins face-off versus Jochen Hecht in Oilers zone.
0:54 of 3rd period - Shot by Steven Stamkos.
0:54 of 3rd period - Deflect By Wayne Simmonds.
0:54 of 3rd period - Stopped by Kari Lehtonen with a rebound.
1:03 of 3rd period - Shot by Wayne Simmonds.
1:03 of 3rd period - Stopped by Kari Lehtonen without a rebound.
1:04 of 3rd period - Dustin Jeffrey wins face-off versus Paul Gaustad in Oilers zone.
1:09 of 3rd period - Shot by Paul Gaustad.
1:09 of 3rd period - Shot Misses the Net.
1:38 of 3rd period - Off-side.
1:39 of 3rd period - Jeff Carter wins face-off versus Derek Roy in neutral zone.
1:58 of 3rd period - Shot by Patric Hornqvist.
1:58 of 3rd period - Shot Misses the Net.
2:43 of 3rd period - Rostislav Klesla beats up Scott Hannan.
2:43 of 3rd period - Penalty to Rostislav Klesla for Fighting.
2:43 of 3rd period - Penalty to Scott Hannan for Fighting.
2:44 of 3rd period - Paul Gaustad wins face-off versus Jochen Hecht in Predators zone.
2:46 of 3rd period - Icing by Roman Polak.
2:47 of 3rd period - Jochen Hecht wins face-off versus T.J. Galiardi in Predators zone.
2:58 of 3rd period - Shot by Jakub Voracek.
2:58 of 3rd period - Stopped by Pekka Rinne without a rebound.
2:59 of 3rd period - Dustin Jeffrey wins face-off versus Nicklas Backstrom in Predators zone.
3:22 of 3rd period - Shot by Shea Weber.
3:22 of 3rd period - Shot Misses the Net.
3:35 of 3rd period - Icing by Shea Weber.
3:36 of 3rd period - Derek Roy wins face-off versus Nicklas Backstrom in Predators zone.
3:43 of 3rd period - Shot by Jason Pominville.
3:43 of 3rd period - Shot Blocked by Nicklas Backstrom.
3:45 of 3rd period - Shot by Jason Pominville.
3:45 of 3rd period - Shot Misses the Net.
3:49 of 3rd period - Shot by Jason Pominville.
3:49 of 3rd period - Goal by Jason Pominville - Oilers : 2 - Predators : 3.
3:50 of 3rd period - Jochen Hecht wins face-off versus Marian Gaborik in neutral zone.
4:07 of 3rd period - Shot by Marian Gaborik.
4:07 of 3rd period - Shot Misses the Net.
4:09 of 3rd period - Shot by Max Pacioretty.
4:09 of 3rd period - Stopped by Kari Lehtonen without a rebound.
4:10 of 3rd period - Derek Roy wins face-off versus Paul Gaustad in Oilers zone.
4:10 of 3rd period - Erik Gustafsson is hit by Raffi Torres and loses puck.
4:35 of 3rd period - Shot by Braydon Coburn.
4:35 of 3rd period - Shot Blocked by Jason Pominville.
5:14 of 3rd period - Icing by Chris Phillips.
5:15 of 3rd period - Nicklas Backstrom wins face-off versus Jochen Hecht in Oilers zone.
5:34 of 3rd period - Shot by Jakub Voracek.
5:34 of 3rd period - Shot Misses the Net.
5:40 of 3rd period - Shot by Jakub Voracek.
5:40 of 3rd period - Stopped by Pekka Rinne without a rebound.
5:41 of 3rd period - Mikhail Grabovski wins face-off versus Dustin Jeffrey in Predators zone.
6:10 of 3rd period - Shot by Radek Dvorak.
6:10 of 3rd period - Stopped by Pekka Rinne with a rebound.
6:15 of 3rd period - Shea Weber is hit by Jeff Schultz and loses puck.
7:12 of 3rd period - Shot by Steven Stamkos.
7:12 of 3rd period - Stopped by Kari Lehtonen without a rebound.
7:13 of 3rd period - T.J. Galiardi wins face-off versus Jochen Hecht in Oilers zone.
7:20 of 3rd period - Shot by T.J. Galiardi.
7:20 of 3rd period - Stopped by Kari Lehtonen with a rebound.
7:30 of 3rd period - Shot by Raffi Torres.
7:30 of 3rd period - Stopped by Kari Lehtonen without a rebound.
7:31 of 3rd period - Derek Roy wins face-off versus Jeff Carter in Oilers zone.
7:31 of 3rd period - Derek Roy is hit by Marian Gaborik.
7:51 of 3rd period - Shot by Derek Roy.
7:51 of 3rd period - Stopped by Pekka Rinne without a rebound.
7:52 of 3rd period - Wayne Simmonds wins face-off versus Jochen Hecht in Predators zone.
8:13 of 3rd period - Minor Penalty to Sean ODonnell for Slashing.
8:14 of 3rd period - Derek Roy wins face-off versus Mikhail Grabovski in Oilers zone.
8:14 of 3rd period - Derek Roy is hit by Max Pacioretty.
9:35 of 3rd period - Shot by Nicklas Backstrom.
9:35 of 3rd period - Stopped by Kari Lehtonen without a rebound.
9:36 of 3rd period - Nicklas Backstrom wins face-off versus Adam Burish in Oilers zone.
10:53 of 3rd period - Shot by Paul Gaustad.
10:53 of 3rd period - Shot Blocked by Scott Hannan.
11:02 of 3rd period - Off-side.
11:03 of 3rd period - Dustin Jeffrey wins face-off versus Mikhail Grabovski in neutral zone.
11:03 of 3rd period - Chris Phillips is hit by Max Pacioretty and loses puck.
11:58 of 3rd period - Shot by Nicklas Backstrom.
11:58 of 3rd period - Shot Blocked by Chris Phillips.
12:00 of 3rd period - Shot by Steven Stamkos.
12:00 of 3rd period - Stopped by Kari Lehtonen without a rebound.
12:01 of 3rd period - Nicklas Backstrom wins face-off versus Jochen Hecht in Oilers zone.
12:15 of 3rd period - Nicklas Backstrom is hit by Sean ODonnell and loses puck.
12:26 of 3rd period - Shot by Wayne Simmonds.
12:26 of 3rd period - Goal by Wayne Simmonds - Oilers : 2 - Predators : 4.
12:27 of 3rd period - Paul Gaustad wins face-off versus Derek Roy in neutral zone.
12:41 of 3rd period - Icing by Jason Pominville.
12:42 of 3rd period - Derek Roy wins face-off versus Jeff Carter in Oilers zone.
12:55 of 3rd period - Shot by Jason Pominville.
12:55 of 3rd period - Stopped by Pekka Rinne without a rebound.
12:56 of 3rd period - Nicklas Backstrom wins face-off versus Jochen Hecht in Predators zone.
14:49 of 3rd period - Shot by Paul Gaustad.
14:49 of 3rd period - Stopped by Kari Lehtonen without a rebound.
14:50 of 3rd period - Dustin Jeffrey wins face-off versus Paul Gaustad in Oilers zone.
14:50 of 3rd period - Dustin Jeffrey is hit by Paul Gaustad.
15:04 of 3rd period - Shot by Dustin Jeffrey.
15:04 of 3rd period - Shot Blocked by Zbynek Michalek.
15:06 of 3rd period - Shot by Radek Dvorak.
15:06 of 3rd period - Stopped by Pekka Rinne without a rebound.
15:07 of 3rd period - Nicklas Backstrom wins face-off versus Radek Dvorak in Predators zone.
15:07 of 3rd period - Nicklas Backstrom is hit by Tomas Holmstrom.
15:10 of 3rd period - Rostislav Klesla is hit by Radek Dvorak and loses puck.
15:42 of 3rd period - Shot by Steven Stamkos.
15:42 of 3rd period - Shot Misses the Net.
15:44 of 3rd period - Shot by Jeff Petry.
15:44 of 3rd period - Stopped by Kari Lehtonen with a rebound.
15:48 of 3rd period - Shot by Wayne Simmonds.
15:48 of 3rd period - Shot Blocked by Scott Hannan.
16:01 of 3rd period - Scott Hannan is hit by Patric Hornqvist and loses puck.
16:19 of 3rd period - Icing by Shea Weber.
16:20 of 3rd period - Jakub Voracek wins face-off versus Jeff Carter in Predators zone.
16:29 of 3rd period - Shot by Jochen Hecht.
16:29 of 3rd period - Stopped by Pekka Rinne with a rebound.
16:54 of 3rd period - Icing by Braydon Coburn.
16:55 of 3rd period - Derek Roy wins face-off versus Patric Hornqvist in Predators zone.
17:15 of 3rd period - Shot by Jason Pominville.
17:15 of 3rd period - Shot Misses the Net.
17:17 of 3rd period - Shot by Sean ODonnell.
17:17 of 3rd period - Goal by Sean ODonnell - Oilers : 3 - Predators : 4.
17:18 of 3rd period - Nicklas Backstrom wins face-off versus Jochen Hecht in neutral zone.
17:48 of 3rd period - Shot by Steven Stamkos.
17:48 of 3rd period - Shot Misses the Net.
17:50 of 3rd period - Shot by Rostislav Klesla.
17:50 of 3rd period - Stopped by Kari Lehtonen with a rebound.
17:56 of 3rd period - Shot by Nicklas Backstrom.
17:56 of 3rd period - Stopped by Kari Lehtonen without a rebound.
17:57 of 3rd period - Derek Roy wins face-off versus Paul Gaustad in Oilers zone.
18:16 of 3rd period - Derek Roy is hit by Paul Gaustad and loses puck.
19:03 of 3rd period - Oilers, Kari Lehtonen is pulled from the net.
19:05 of 3rd period - Shot by Jakub Voracek.
19:05 of 3rd period - Stopped by Pekka Rinne without a rebound.
19:06 of 3rd period - Nicklas Backstrom wins face-off versus Jakub Voracek in Predators zone.
19:06 of 3rd period - Nicklas Backstrom is hit by Adam Burish.
19:36 of 3rd period - Shot by Nicklas Backstrom.
19:36 of 3rd period - Shot Misses the Net.
19:42 of 3rd period - Shot by Zbynek Michalek.
19:42 of 3rd period - Shot Blocked by Erik Gustafsson.
19:44 of 3rd period - Shot by Nicklas Backstrom.
19:44 of 3rd period - Deflect By Steven Stamkos.
19:44 of 3rd period - Shot Blocked by Adam Burish.
19:46 of 3rd period - Shot by Zbynek Michalek.
19:46 of 3rd period - Goal by Zbynek Michalek - Oilers : 3 - Predators : 5.
19:46 of 3rd period - Kari Lehtonen from Oilers was sent back in the game.
19:47 of 3rd period - Marian Gaborik wins face-off versus Jochen Hecht in neutral zone.


Output by the SimonT Hockey Simulator (STHS) for Stephane Roy -- Original Page W3C XHTML 1.0 Valid
Hockey Simulator - Hockey Simulation - Hockey Manager